 Dungeon Crawl Stone Soup version 0.31-a0-889-g1a8549509d (webtiles) character file.

Game seed: 11259119346484434997

8531 Error4North the Changeling (level 11, -1/88 HPs)
             Began as a White Draconian Shapeshifter on Oct 17, 2023.
             Was a Priest of Wu Jian.
             Slain by a troll (11 damage)
             ... on level 11 of the Dungeon.
             The game lasted 01:00:33 (9978 turns).

Error4North the Changeling (DrSh)                   Turns: 9978, Time: 01:00:33

Health: -1/88      AC:  9    Str: 20    XL:     11   Next: 11%
Magic:  14/18      EV: 15    Int: 11    God:    Wu Jian [***...]
Gold:   755        SH:  5    Dex: 17    Spells: 13/19 levels left

rFire   . .          .
                       - Unarmed
rCold   + . .        (no shield)
rNeg    . . .        (body armour unavailable)
rPois   .            (helmet currently unavailable)
rElec   .            (cloak currently unavailable)
rCorr   .            (gloves currently unavailable)
SInv    .            e - melded +1 pair of boots
Will    .....        m - amulet of reflection
Stlth   +++          h - +6 ring of dexterity
HPRegen 0.34/turn    k - +4 ring of protection
MPRegen 0.16/turn

%: reflection
@: ice-armoured, beast-form, wereblooded, corroded
A: beast (slay +4), breathe frost, AC +7, unfitting armour, cold resistance 1,
cold-blooded, talons 1, mutation resistance 1
a: Breathe Frost, Begin Untransformation, Renounce Religion, Wall Jump,
Serpent's Lash


You were on level 11 of the Dungeon.
You worshipped Wu Jian.
Wu Jian was most pleased with you.
You were a hulking beast.
You visited 2 branches of the dungeon, and saw 12 of its levels.
You also visited: Sewer.

You collected 755 gold pieces.

Inventory:

Missiles
 j - 3 throwing nets
 t - 22 poisoned darts (quivered)
Armour
 e - a +1 pair of boots (melded)
Jewellery
 h - a +6 ring of dexterity (left hand)
 k - a +4 ring of protection (right hand)
 m - an amulet of reflection (around neck)
 p - a ring of protection from fire
 C - a ring of protection from cold
 E - a ring of magical power
Talismans
 b - a beast talisman (active)
 c - a flux talisman
Wands
 w - a wand of iceblast (8)
 y - a wand of flame (34)
 B - a wand of quicksilver (4)
 G - a wand of paralysis (4)
Scrolls
 f - 5 scrolls of revelation {unknown}
 g - a scroll of brand weapon {unknown}
 i - a scroll of noise {unknown}
 l - 8 scrolls of identify {unknown}
 n - 2 scrolls of fear {unknown}
 o - 3 scrolls of enchant armour {unknown}
 r - 2 scrolls of blinking
 u - a scroll of amnesia {unknown}
 x - a scroll of immolation {unknown}
 F - a scroll of butterflies {unknown}
Potions
 a - 4 potions of lignification
 d - a potion of heal wounds
 q - 2 potions of curing
 s - a potion of might
 v - 2 potions of brilliance {unknown}
 z - a potion of attraction {unknown}
 A - a potion of resistance {unknown}
 D - a potion of magic {unknown}
 H - a potion of mutation
 I - a potion of invisibility {unknown}
 J - a potion of degeneration {unknown}


   Skills:
 + Level 5.4 Fighting
 + Level 4.1 Throwing
 + Level 6.6 Dodging
 + Level 4.2 Stealth
 + Level 3.0 Shields
 - Level 6.9 Unarmed Combat
 + Level 4.9 Spellcasting
 + Level 4.4 Transmutations
 * Level 5.5 Ice Magic
 * Level 7.7 Shapeshifting


You had 13 spell levels left.
You knew the following spells:

 Your Spells              Type           Power      Damage    Failure   Level
a - Wereblood             Tmut           12%        N/A       5%          2
b - Apportation           Tloc           4%         N/A       22%         1
c - Ozocubu's Armour      Ice            14%        N/A       7%          3

Your spell library contained the following spells:

 Spells                   Type           Power      Damage    Failure   Level
 Necrotise                Necr           8%         1d4       22%         1
 Shock                    Conj/Air       8%         1d3       22%         1
 Slow                     Hex            8%         N/A       22%         1
 Summon Small Mammal      Summ           8%         N/A       22%         1
 Confusing Touch          Hex            2%         N/A       54%         3
 Dazzling Flash           Conj/Hex       4%         N/A       54%         3
 Sigil of Binding         Hex            2%         N/A       54%         3
 Swiftness                Air            2%         N/A       54%         3
 Vampiric Draining        Necr           2%         2d6       54%         3
 Metabolic Englaciation   Hex/Ice        4%         N/A       88%         5
 Airstrike                Air            1%         2d(1-17)  91%         4
 Irradiate                Conj/Tmut      3%         3d12      94%         5
 Agony                    Necr           2%         N/A       99%         5
 Conjure Ball Lightning   Conj/Air       1%         3x3d6     100%        6
 Simulacrum               Ice/Necr       4%         N/A       100%        6
 Ozocubu's Refrigeration  Ice            7%         4d9       100%        7


Dungeon Overview and Level Annotations

Branches:
Dungeon (11/15)            Temple (1/1) D:5            Lair (0/5) D:9
  Sewer (visited)
    Orc: D:9-12

Altars:
Ashenzari
Cheibriados
Dithmenos
Elyvilon
Fedhas
Gozag
Hepliaklqana
Kikubaaqudgha
Makhleb
Nemelex Xobeh
Okawaru
Qazlal
Ru
Sif Muna
Trog
Uskayaw
Vehumet
Wu Jian
Xom
Yredelemnul
Zin
The Shining One
Lugonu

Portals:
Abyss: D:7

Annotations:
D:9 1 runed translucent door
D:10 1 runed translucent door, Stil's ghost, journeyman DsWr
Temple 2 transporters


Innate Abilities, Weirdness & Mutations

You are a hulking beast.
Your limbs bulge with bestial killing power. (Slay +4)
You can breathe waves of freezing cold which knock back foes.
Your icy white scales are hard. (AC +7)
You cannot fit into any form of body armour.
Your flesh is cold resistant. (rC+)
You are cold-blooded and may be slowed by cold attacks.
You have sharp toenails.
You are somewhat resistant to further mutation.


Message History

The acid dragon is severely wounded.
The acid dragon spits acid at you. The splash of acid hits you!!
The acid corrodes you!
Casting: Wereblood (safe; 5% risk of failure)
Confirm with . or Enter, or press ? or * to list all spells.
A film of ice covers your body! The acid dragon misses you.
The acid dragon claws you but does no damage.
Casting: Ozocubu's Armour (dangerous; 7% risk of failure)
Confirm with . or Enter, or press ? or * to list all spells.
Your blood is infused with primal strength.
The troll bites you. The troll claws you. The troll claws you!
The acid dragon completely misses you.
The acid dragon claws you but does no damage.
You hit the acid dragon. Your kick misses the acid dragon.
The acid dragon is almost dead.
You feel a bit better.
You kill the acid dragon!
The Council accepts your kill. The troll bites you but does no damage.
The troll claws you. The troll misses you.
You hit the troll but do no damage. Your kick misses the troll.
You block the troll's attack. x2; The troll claws you!
You hit the troll but do no damage. You claw the troll, but do no damage.
You have got your breath back.
The troll bites you!
* * * LOW HITPOINT WARNING * * *
The troll completely misses you. The troll claws you.
* * * LOW HITPOINT WARNING * * *
You hit the troll but do no damage. You block the troll's attack.
The troll misses you. The troll claws you.
* * * LOW HITPOINT WARNING * * *
Unknown command.
You closely miss the troll. You claw the troll. You tail-slap the troll.
The troll is lightly wounded.
You punch the troll!
The troll is moderately wounded.
The troll bites you!
* * * LOW HITPOINT WARNING * * *
The troll claws you but does no damage. The troll claws you!
You die...

########..####..#
##......#
#####.....###
#..>..###.#
####.#######.########
##....#
##..........##
...####
##........<...## ####
#..............#
#.......h.(....# #
#........T.....# ..#
#..............# #..
#..............# #
##............##
##.........>##
############


You could see a troll.

Vanquished Creatures
  A boulder beetle (D:9)
  A komodo dragon (D:9)
  A troll (D:10)
  Grinder (D:3)
  A shadow (D:11)
  2 wyverns (D:9)
  18 yaks
  A steam dragon (D:8)
  3 vampire mosquitoes (D:9)
  Menkaure (D:6)
  2 acid dragons
  A water moccasin (D:7)
  2 ice beasts (D:5)
  2 orc warriors (D:7)
  4 centaurs
  2 phantoms (D:4)
  4 kobold brigands
  3 bullfrogs
  2 gnoll sergeants
  3 scorpions
  10 wights
  A howler monkey (D:6)
  A jelly (D:7)
  A gnoll bouda (D:6)
  5 orc priests
  4 hounds
  A sleepcap (D:7)
  4 iguanas
  8 orc wizards
  Robin (D:2)
  19 gnolls
  9 adders
  A white imp (D:8)
  5 worms
  23 orcs
  15 ball pythons
  3 endoplasms
  10 giant cockroaches
  12 goblins
  8 hobgoblins
  4 jackals (D:1)
  22 kobolds
  2 quokkas
  11 bats
  9 frilled lizards
  11 rats
255 creatures vanquished.

Vanquished Creatures (others)
  A gnoll (D:8)
  An orc (D:8)
2 creatures vanquished.

Grand Total: 257 creatures vanquished

Notes
Turn   | Place    | Note
-------+----------+-------------------------------------------
     0 | D:1      | Error4North the Draconian Shapeshifter began the quest for
                  | the Orb.
     0 | D:1      | Reached XP level 1. HP: 16/16 MP: 1/1
   218 | D:1      | Reached XP level 2. HP: 22/23 MP: 2/2
   901 | D:1      | Reached XP level 3. HP: 29/29 MP: 3/3
  1500 | D:2      | Noticed Robin
  1541 | D:2      | Killed Robin
  1542 | D:2      | Reached XP level 4. HP: 32/36 MP: 4/4
  1733 | D:2      | Learned a level 2 spell: Wereblood
  1797 | D:2      | Gained mutation: You have hidden genetic potential. [potion
                  | of mutation]
  1797 | D:2      | Gained mutation: You are strong-willed. (Will+) [potion of
                  | mutation]
  1797 | D:2      | Gained mutation: You passively dampen the noise of your
                  | surroundings. [potion of mutation]
  2008 | D:2      | Learned a level 1 spell: Apportation
  2219 | D:3      | Reached XP level 5. HP: 41/41 MP: 5/5
  2227 | D:3      | Noticed Grinder
  2228 | D:3      | Paralysed by Grinder for 3 turns
  2233 | D:3      | Paralysed by Grinder for 3 turns
  2242 | D:3      | Paralysed by Grinder for 4 turns
  2249 | D:3      | Paralysed by Grinder for 2 turns
  2268 | D:3      | Killed Grinder
  2269 | D:3      | Reached skill level 1 in Spellcasting
  2269 | D:3      | Reached skill level 1 in Transmutations
  2269 | D:3      | Reached skill level 4 in Shapeshifting
  2269 | D:3      | Reached XP level 6. HP: 35/50 MP: 4/7
  2269 | D:3      | Gained mutation: You are agile. (Dex +4, Str/Int -1)
                  | [hidden potential]
  2835 | D:4      | Identified the "Boghih"
  3060 | D:4      | Reached skill level 5 in Unarmed Combat
  3060 | D:4      | Your scales start taking on an icy white colour.
  3060 | D:4      | Reached XP level 7. HP: 52/57 MP: 9/9
  3060 | D:4      | Gained mutation: Your flesh is cold resistant. (rC+) [White
                  | Draconian growth]
  3108 | D:4      | Gained mutation: Your mind is acute. (Int +4, Str/Dex -1)
                  | [hidden potential]
  3108 | D:4      | Lost mutation: You have hidden genetic potential. [hidden
                  | potential expressed]
  3433 | D:4      | Found a broken altar of Ashenzari.
  3433 | D:4      | Found an iron altar of Okawaru.
  3475 | D:5      | Entered Level 5 of the Dungeon
  3566 | D:5      | Lost mutation: You are agile. (Dex +4, Str/Int -1) [potion
                  | of mutation]
  3566 | D:5      | Lost mutation: You passively dampen the noise of your
                  | surroundings. [potion of mutation]
  3566 | D:5      | Lost mutation: You are strong-willed. (Will+) [potion of
                  | mutation]
  3566 | D:5      | Gained mutation: You are strong-willed. (Will+) [potion of
                  | mutation]
  3566 | D:5      | Gained mutation: You possess an exceptional clarity of
                  | mind. [potion of mutation]
  3567 | D:5      | Lost mutation: You possess an exceptional clarity of mind.
                  | [potion of mutation]
  3567 | D:5      | Lost mutation: Your mind is acute. (Int +4, Str/Dex -1)
                  | [potion of mutation]
  3567 | D:5      | Lost mutation: You are strong-willed. (Will+) [potion of
                  | mutation]
  3567 | D:5      | Gained mutation: You have sharp toenails. [potion of
                  | mutation]
  3567 | D:5      | Gained mutation: You are somewhat resistant to further
                  | mutation. [potion of mutation]
  3633 | D:5      | Reached skill level 1 in Throwing
  3734 | D:5      | Found a staircase to the Ecumenical Temple.
  3774 | D:5      | Found a glowing drain.
  3784 | Sewer    | Entered a sewer
  3971 | Sewer    | Reached XP level 8. HP: 34/66 MP: 11/11
  4487 | Temple   | Found a transporter.
  4487 | Temple   | Found a transporter.
  4487 | Temple   | Found a transporter.
  4487 | Temple   | Found a transporter.
  4487 | Temple   | Entered the Ecumenical Temple
  4500 | Temple   | Became a worshipper of the Wu Jian Council
  5123 | D:6      | Reached skill level 1 in Stealth
  5131 | D:6      | Noticed Menkaure
  5138 | D:6      | Killed Menkaure
  5346 | D:6      | Reached * piety under Wu Jian
  5559 | D:6      | Found a hide-covered altar of Uskayaw.
  5722 | D:7      | Learned a level 3 spell: Ozocubu's Armour
  5917 | D:7      | Reached skill level 5 in Shapeshifting
  6232 | D:7      | Reached XP level 9. HP: 60/72 MP: 11/13
  6248 | D:7      | Found a one-way gate to the infinite horrors of the Abyss.
  6248 | D:7      | Identified the +8 short sword "Woshus" {distort, Int+5}
  6326 | D:7      | Found a large runed translucent door.
  6327 | D:7      | Found a large runed translucent door.
  6332 | D:7      | Found a corrupted altar of Lugonu.
  6612 | D:8      | Reached skill level 1 in Shields
  6879 | D:7      | Reached skill level 5 in Dodging
  7652 | D:8      | Reached skill level 1 in Ice Magic
  7652 | D:8      | Reached skill level 6 in Shapeshifting
  7659 | D:8      | Reached ** piety under Wu Jian
  7902 | D:8      | Found a radiant altar of Vehumet.
  8164 | D:8      | Reached XP level 10. HP: 69/80 MP: 13/15
  8243 | D:8      | Reached skill level 5 in Fighting
  8271 | D:9      | Noticed a boulder beetle
  8299 | D:9      | Killed a boulder beetle
  8300 | D:9      | Reached skill level 7 in Shapeshifting
  8438 | D:9      | Found a shimmering altar of Xom.
  8494 | D:9      | Found a staircase to the Lair.
  8812 | D:9      | Paralysed by a gnoll sergeant for 2 turns
  8870 | D:9      | Noticed a cyclops
  8872 | D:9      | Found a runed translucent door.
  8907 | D:9      | Reached skill level 5 in Ice Magic
  9054 | D:10     | Entered Level 10 of the Dungeon
  9055 | D:10     | Found a runed translucent door.
  9159 | D:10     | Reached XP level 11. HP: 88/88 MP: 18/18
  9298 | D:10     | Reached *** piety under Wu Jian
  9518 | D:10     | Noticed Stil's ghost (journeyman DsWr)
  9519 | D:10     | Identified the +0 trident of Untimely Demise {flame, Will+
                  | Stlth+}
  9524 | D:10     | Noticed a spriggan rider
  9860 | D:11     | Noticed a boulder beetle
  9978 | D:11     | Slain by a troll

Illustrated notes

Levels and vault maps discovered:
D:1:      dpeg_arrival_three_same_balls, layout_loops_corners
D:2:      minmay_wonky_spiral, layout_loops_ring, uniq_robin
D:3:      layout_loops_ring, uniq_grinder
D:4:      layout_cave_pools, gammafunk_temple_overflow_wave,
          columned_hall_lemuel, minmay_misc_feat_roman, st_stairs_2
D:5:      layout_rooms, minmay_temple_entry_junction_2, portal_sewer_entry_b
D:6:      layout_basic, mainiacjoe_overflow_alcove_4,
          hangedman_abyss_or_decor_passed, minmay_misc_feat_pillars,
          uniq_menkaure
D:7:      due_chaos_kobolds, layout_loops_ring
D:8:      layout_basic, vehumet_altar_wand_db
D:9:      layout_rooms, tgw_xom, david_lair_shrubbed, grunt_ministairs_13,
          minmay_st_funbox
D:10:     layout_loops_ring, ebering_ghost_funeral_grove
D:11:     cheibrodos_shockbox, layout_rooms, amethyst_killhole,
          kennysheep_decorative_pillar
Temple:   hellmonk_temple_divided_pantheon

Skill      XL: |  1  2  3  4  5  6  7  8  9 10 11 |
---------------+----------------------------------+-----
Dodging        | 2 3 4 5 6 |  6.6
Fighting       | 2 3 4 5 |  5.4
Unarmed Combat | 4 5 6 |  6.9
Spellcasting   | 1 2 3 4 |  4.9
Transmutations | 1 2 3 4 |  4.4
Shapeshifting  | 4 5 6 7 |  7.7
Throwing       | 1 2 3 4 |  4.1
Stealth        | 2 3 4 |  4.2
Shields        | 1 2 3 |  3.0
Ice Magic      | 2 5 |  5.5

Action                     |  1- 3 |  4- 6 |  7- 9 | 10-12 || total
---------------------------+-------+-------+-------+-------++-------
  Melee: Unarmed           |   123 |   144 |   326 |   175 ||   768
         Tailslap          |    12 |    21 |    49 |    38 ||   120
         Punch             |     1 |     2 |    13 |     6 ||    22
         Kick              |       |       |    87 |    69 ||   156
  Throw: Dart              |       |    15 |    32 |    23 ||    70
   Cast: Wereblood         |       |     2 |    12 |    12 ||    26
         Ozocubu's Armour  |       |       |       |     2 ||     2
Ability: Breathe Frost     |       |       |     6 |     4 ||    10
         Lunge             |       |       |    25 |    17 ||    42
         Whirlwind         |       |       |    27 |    36 ||    63
    Use: Potion            |     1 |     2 |     5 |     1 ||     9
   Stab: Sleeping          |     2 |     2 |       |       ||     4
         Distracted        |       |       |       |     1 ||     1
 Armour: Skin              |    67 |    69 |   175 |    72 ||   383
  Dodge: Dodged            |    68 |    82 |   174 |    92 ||   416
  Block: Other             |       |       |    27 |    26 ||    53
         Reflection        |       |       |     3 |     2 ||     5
         Form:             |     1 |       |     1 |       ||     2
         Beast             |     1 |       |     1 |       ||     2

Table legend: (Time is in decaauts)
 A = Elapsed time spent in this place.
 B = Non-inter-level travel time spent in this place.
 C = Inter-level travel time spent in this place.
 D = Time resting spent in this place.
 E = Time spent auto-exploring this place.
 F = Levels seen in this place.
 G = Mean time per level.
                   A        B        C        D        E       F      G
               +--------+--------+--------+--------+--------+-----+--------+
         Total |  10032 |   9752 |    280 |   1119 |   5711 |  13 |  771.7 |
       Dungeon |   9230 |   8950 |    280 |   1019 |   5422 |  11 |  839.1 |
        Temple |     28 |     28 |      0 |      0 |      0 |   1 |   28.0 |
         Sewer |    773 |    773 |      0 |    100 |    289 |   1 |  773.0 |
               +--------+--------+--------+--------+--------+-----+--------+

Top non-repeatable levels by time:
     D:7: 1468 daAuts
     D:1: 1205 daAuts
     D:8: 1092 daAuts
     D:2: 941 daAuts
     D:9: 820 daAuts
    D:10: 810 daAuts
     D:5: 783 daAuts
   Sewer: 773 daAuts
     D:6: 696 daAuts
     D:3: 670 daAuts
     D:4: 634 daAuts
    D:11: 105 daAuts
  Temple: 28 daAuts
